[Event "Titled Tuesday Blitz May 16 Early 2023"]
[White "Santos Flores, Alberto"]
[Black "Korchmar, Vasiliy"]
[WhiteFideId "3601234"]
[BlackFideId "24131750"]
[WhiteElo "2235"]
[BlackElo "2370"]
[Result "0-1"]
[Round "10"]
[TimeControl "180+2"]
[Date "2023.05.16"]
[WhiteClock "0:00:00"]
[BlackClock "0:00:12"]

1. e4 c5 2. Nf3 d6 3. Bb5+ Nd7 4. d4 cxd4 5. Qxd4 a6 6. Bxd7+ Bxd7 7. Nc3 e6 8. Bg5 Nf6 9. O-O-O Be7 10. e5 dxe5 11. Nxe5 Bc6 12. Nxc6 bxc6 13. Qxd8+ Rxd8 14. Rxd8+ Bxd8 15. Rd1 Nd5 16. Bxd8 Kxd8 17. Ne4 Ke7 18. c4 Nb6 19. b3 a5 20. Nc5 a4 21. Kb2 Ra8 22. Kc3 axb3 23. axb3 Ra2 24. Rd2 Ra1 25. Kb4 g5 26. Na4 Nd7 27. h3 h5 28. Ka5 g4 29. hxg4 hxg4 30. g3 f5 31. Kb4 Rb1 32. Nc5 Ne5 33. Nd3 Nf3 34. Re2 Rxb3+ 35. Kxb3 Nd4+ 36. Kb4 Nxe2 37. Kc5 Kd7 38. Ne5+ Kc7 39. Nxc6 Nc3 40. Nd4 Ne4+ 41. Kb4 Kd6 42. c5+ Nxc5 43. f3 gxf3 44. Nxf3 Ne4 45. g4 fxg4 46. Nh4 Ke5 47. Kc4 Nf2 48. Kc3 g3 49. Kd2 Kf4 50. Ke2 Kg4 51. Ng6 Nh3 52. Kf1 Nf4 53. Ne5+ Kh3 54. Kg1 Ne2+ 55. Kf1 g2+ 0-1


[Site "https://www.chess.com"]

[Event "Titled Tuesday Blitz May 16 Early 2023"]
[White "Goltseva, Ekaterina"]
[Black "Herrera Ortiz, Miguel"]
[WhiteFideId "24173770"]
[BlackFideId "5100550"]
[WhiteElo "2114"]
[BlackElo "2618"]
[Result "0-1"]
[Round "10"]
[TimeControl "180+2"]
[Date "2023.05.16"]
[WhiteClock "0:00:04"]
[BlackClock "0:01:24"]

1. e4 e5 2. Nf3 Nc6 3. Nc3 Nf6 4. h3 d6 5. d4 exd4 6. Nxd4 Be7 7. Bb5 Bd7 8. O-O Nxd4 9. Qxd4 Bxb5 10. Nxb5 O-O 11. Re1 Nd7 12. Qc3 c6 13. Nd4 Bf6 14. Qd3 Re8 15. c3 d5 16. f3 Nc5 17. Qc2 dxe4 18. fxe4 Bxd4+ 19. cxd4 Ne6 20. Rd1 Nxd4 21. Qf2 Rxe4 22. Be3 c5 23. Rac1 b6 24. b4 Rc8 25. bxc5 bxc5 26. Rc4 Qd5 27. Rdc1 Ne6 28. Bxc5 Rxc4 29. Rxc4 Qxc4 0-1


[Site "https://www.chess.com"]

[Event "Titled Tuesday Blitz May 16 Early 2023"]
[White "Kamalidenova, Meruert"]
[Black "Arat, Ufuk Sezen"]
[WhiteFideId "13712802"]
[BlackFideId "6309089"]
[WhiteElo "2361"]
[BlackElo "2289"]
[Result "1-0"]
[Round "10"]
[TimeControl "180+2"]
[Date "2023.05.16"]
[WhiteClock "0:00:52"]
[BlackClock "0:00:06"]

1. e4 c5 2. Nf3 e6 3. d4 cxd4 4. Nxd4 Nc6 5. Nc3 Qc7 6. Be3 a6 7. a3 Nf6 8. Qf3 b5 9. O-O-O Bb7 10. Qg3 Qxg3 11. hxg3 Nxd4 12. Rxd4 Bc5 13. Rd3 Rc8 14. f3 O-O 15. Bg5 Bc6 16. b4 Bb6 17. Kb2 a5 18. Rd1 axb4 19. axb4 Bf2 20. g4 h6 21. Bxf6 gxf6 22. Kb3 d5 23. exd5 exd5 24. Bxb5 d4 25. Bxc6 Rxc6 26. Nd5 Kg7 27. Ne7 Rb6 28. Nf5+ Kg6 29. f4 Rh8 30. Rh3 h5 31. Ne7+ Kg7 32. gxh5 Rhb8 33. Kc4 R6b7 34. Nf5+ Kh7 35. Rb1 Rc7+ 36. Kd3 Rbc8 37. Rb2 Be1 38. Nxd4 Bc3 39. Rb3 Ba1 40. Nf3 Rc3+ 41. Rxc3 Rxc3+ 42. Kd2 Rc4 43. b5 Rxf4 44. Rh4 Rf5 45. Rb4 Be5 46. Nxe5 Rxe5 47. b6 Rd5+ 48. Ke3 Rd8 49. b7 Rb8 50. c4 Kg7 51. c5 Kf8 52. c6 Ke7 53. c7 1-0


[Site "https://www.chess.com"]

[Event "Titled Tuesday Blitz May 16 Early 2023"]
[White "Iskusnyh, Sergei"]
[Black "Yelisieiev, Yevhenii"]
[WhiteFideId "4120027"]
[BlackFideId "14139642"]
[WhiteElo "2492"]
[BlackElo "2403"]
[Result "1-0"]
[Round "10"]
[TimeControl "180+2"]
[Date "2023.05.16"]
[WhiteClock "0:01:25"]
[BlackClock "0:00:52"]

1. d4 d6 2. Nf3 Nf6 3. c4 Nbd7 4. Nc3 e5 5. g3 c6 6. Bg2 e4 7. Nh4 d5 8. O-O g6 9. f3 exf3 10. Nxf3 dxc4 11. e4 Bg7 12. e5 Nd5 13. Ng5 Nxc3 14. bxc3 O-O 15. e6 fxe6 16. Nxe6 Rxf1+ 17. Qxf1 Qf6 18. Nc7 Rb8 19. Qxc4+ Kh8 20. Ne8 Qe7 21. Nxg7 Qe1+ 22. Bf1 Kxg7 23. Bh6+ 1-0


[Site "https://www.chess.com"]

[Event "Titled Tuesday Blitz May 16 Early 2023"]
[White "SereneSalmon"]
[Black "Agibileg, Uurtsaikh"]
[BlackFideId "4901606"]
[WhiteElo "2510"]
[BlackElo "2353"]
[Result "0-1"]
[Round "10"]
[TimeControl "180+2"]
[Date "2023.05.16"]
[WhiteClock "0:00:00"]
[BlackClock "0:00:03"]

1. d4 Nf6 2. c4 g6 3. Nc3 Bg7 4. e4 O-O 5. Be2 d6 6. Be3 e5 7. Nf3 Ng4 8. Bg5 f6 9. Bh4 exd4 10. Nxd4 Ne5 11. O-O Nbc6 12. f3 Nxd4 13. Qxd4 g5 14. Bf2 f5 15. Qd2 Kh8 16. Rad1 b6 17. Nd5 fxe4 18. fxe4 Bg4 19. Be3 h6 20. Bd4 Rxf1+ 21. Rxf1 Bxe2 22. Qxe2 Nf3+ 23. Qxf3 Bxd4+ 24. Kh1 c6 25. Nf6 Bxb2 26. Ng4 Bg7 27. Rd1 Qe7 28. h3 Rf8 29. Qd3 h5 30. Ne3 Be5 31. Nf5 Qf6 32. Qe2 Qg6 33. Ne7 Qf7 34. Nxc6 Bg3 35. Nd4 g4 36. Nf5 Be5 37. hxg4 hxg4 38. Qxg4 Qh7+ 39. Kg1 Rg8 40. Qf3 Qh2+ 41. Kf2 a6 42. Qh3+ Qxh3 43. gxh3 Rg6 44. Rb1 Rf6 45. Ke2 b5 46. cxb5 axb5 47. Rxb5 Rg6 48. Rb8+ Kh7 49. Rb7+ Kh8 50. a4 Rg2+ 51. Kf3 Ra2 52. Ra7 Ra1 53. a5 Rf1+ 54. Ke2 Rg1 55. a6 Ra1 56. Ra8+ Kh7 57. Ne7 Bd4 58. Nc6 Bc5 59. Kd3 Ra4 0-1


[Site "https://www.chess.com"]

[Event "Titled Tuesday Blitz May 16 Early 2023"]
[White "Piesik, Piotr"]
[Black "Tanmay Jain"]
[WhiteFideId "1136194"]
[BlackFideId "45015481"]
[WhiteElo "2299"]
[BlackElo "2032"]
[Result "1-0"]
[Round "10"]
[TimeControl "180+2"]
[Date "2023.05.16"]
[WhiteClock "0:02:16"]
[BlackClock "0:00:42"]

1. Nf3 d5 2. g3 Nf6 3. Bg2 e6 4. O-O Be7 5. d3 O-O 6. Nbd2 b6 7. e4 Bb7 8. Qe2 c5 9. e5 Nfd7 10. c3 Qc7 11. h4 a5 12. Re1 Nc6 13. Nf1 Ba6 14. h5 h6 15. Bf4 Rfe8 16. g4 Qd8 17. Qd2 Nf8 18. g5 hxg5 19. Bxg5 Nh7 20. Bxe7 Qxe7 21. h6 g6 22. N1h2 b5 23. Ng4 b4 24. Rad1 Rab8 25. Qf4 bxc3 26. bxc3 Rf8 27. Nf6+ Nxf6 28. exf6 Kh8 29. fxe7 1-0


[Site "https://www.chess.com"]

[Event "Titled Tuesday Blitz May 16 Early 2023"]
[White "Jakic, Ivan"]
[Black "Nikologorskiy, Konstantin"]
[WhiteFideId "14504901"]
[BlackFideId "24111708"]
[WhiteElo "2370"]
[BlackElo "2273"]
[Result "1-0"]
[Round "10"]
[TimeControl "180+2"]
[Date "2023.05.16"]
[WhiteClock "0:01:03"]
[BlackClock "0:00:01"]

1. e4 c5 2. Nf3 d6 3. d4 cxd4 4. Qxd4 Nc6 5. Bb5 Bd7 6. Bxc6 Bxc6 7. Nc3 Nf6 8. Bg5 e6 9. Qd3 Be7 10. Nd4 O-O 11. f4 Qb6 12. O-O-O Rfe8 13. g4 d5 14. Bxf6 dxe4 15. Nxe4 Bxe4 16. Qxe4 Bxf6 17. g5 Bxd4 18. Rxd4 Qa5 19. a3 g6 20. Rhd1 Rac8 21. Rd7 Rc7 22. Qd4 Rxd7 23. Qxd7 Rf8 24. Qxb7 Qa4 25. Qb4 Qc6 26. Qd4 Rc8 27. c3 Qg2 28. Qd2 Qe4 29. Re1 Qc4 30. Kb1 Rb8 31. Ka1 Qb3 32. Rc1 Qc4 33. Rd1 Qb5 34. Qc2 a5 35. c4 Qc5 36. Rc1 Rc8 37. Qc3 Rb8 38. Rd1 a4 39. Qd4 Qc7 40. c5 Rc8 41. Rc1 Qc6 42. Ka2 Qb5 43. Qc3 Rc6 44. Qc4 Qa5 45. Qb4 Qa7 46. Qb5 Rc8 47. c6 Qc7 48. Qxa4 Qb6 49. Qb3 Qa6 50. Qc4 Qb6 51. Qc5 Qc7 52. Qe5 Qb6 53. c7 Qb7 54. Rc2 Qb6 55. Qc5 Qb7 56. Qc6 Qa7 57. Qd7 Qb7 58. Qd8+ Kg7 59. Qd4+ Kg8 60. Qc5 Kg7 61. h4 h5 62. Qe5+ Kg8 63. Qf6 Rxc7 64. Qd8+ Kg7 65. Qxc7 Qd5+ 66. Ka1 Qd1+ 67. Rc1 Qd5 68. Qc3+ Kh7 69. Qf6 Qd7 70. Qc3 Qd5 71. Re1 Qf5 72. Qf6 Qa5 73. Qxf7+ Kh8 74. Qxe6 Qc7 75. Qf6+ Kg8 76. Re8+ Kh7 77. Rh8# 1-0


[Site "https://www.chess.com"]

[Event "Titled Tuesday Blitz May 16 Early 2023"]
[White "Czerw, Dawid"]
[Black "Colbow, Collin"]
[WhiteFideId "1145746"]
[BlackFideId "16201132"]
[WhiteElo "2144"]
[BlackElo "2351"]
[Result "1/2-1/2"]
[Round "10"]
[TimeControl "180+2"]
[Date "2023.05.16"]
[WhiteClock "0:00:18"]
[BlackClock "0:00:11"]

1. e4 d5 2. exd5 Qxd5 3. Nc3 Qa5 4. d4 Nc6 5. a3 Bf5 6. Bb5 O-O-O 7. Bxc6 bxc6 8. Qf3 Rxd4 9. Ne2 Rd8 10. b4 Qe5 11. Qxc6 Qd6 12. Qa8+ Kd7 13. Qxa7 Ke8 14. Bf4 e5 15. Rd1 Qb6 16. Rxd8+ Kxd8 17. Qa8+ Kd7 18. Qxf8 exf4 19. O-O Bxc2 20. Rc1 Bb3 21. Nxf4 Qd6 22. Qxd6+ cxd6 23. Nb5 Ke7 24. Rc7+ Kf6 25. Nxd6 Nh6 26. f3 Ke5 27. Nxf7+ Nxf7 28. Nd3+ Kd4 29. Nc5 Bd5 30. Kf2 Ra8 31. a4 Rb8 32. b5 Ke5 33. a5 Kd6 34. Na6 Rxb5 35. Rc2 Rxa5 36. Nc7 Rc5 37. Ne8+ Kc6 38. Rxc5+ Kxc5 39. Nxg7 Kd6 40. Nh5 Ke5 41. g4 Nd6 42. Kg3 Nc4 43. h4 Nd2 44. f4+ Ke6 45. f5+ Ke5 46. Ng7 Ne4+ 47. Kh3 Nf6 48. g5 Ne4 49. f6 Bf7 50. Kg4 Nxf6+ 51. gxf6 Kxf6 52. Nh5+ Bxh5+ 53. Kxh5 Kg7 54. Kg5 h6+ 55. Kf5 Kh7 56. Kf6 h5 57. Kg5 Kg7 58. Kxh5 Kh8 59. Kg5 Kg8 60. h5 Kh8 61. h6 Kg8 62. Kg6 Kh8 63. Kh5 Kg8 64. Kg6 Kh8 65. h7 1/2-1/2


[Site "https://www.chess.com"]

[Event "Titled Tuesday Blitz May 16 Early 2023"]
[White "Ljukin, Sergei"]
[Black "Jakubowski, Krzysztof"]
[WhiteFideId "14102200"]
[BlackFideId "1112848"]
[WhiteElo "2312"]
[BlackElo "2359"]
[Result "0-1"]
[Round "10"]
[TimeControl "180+2"]
[Date "2023.05.16"]
[WhiteClock "0:00:00"]
[BlackClock "0:00:07"]

1. e4 c5 2. Nf3 d6 3. d4 cxd4 4. Nxd4 Nf6 5. Nc3 a6 6. Bg5 e6 7. f4 Be7 8. Qf3 Qc7 9. O-O-O Nbd7 10. g4 Rb8 11. Bxf6 Bxf6 12. g5 Bxd4 13. Rxd4 b5 14. a3 O-O 15. h4 Qc5 16. Qd3 Rb6 17. Bh3 a5 18. Rd1 Ba6 19. b4 axb4 20. axb4 Qc7 21. Ne2 Rc8 22. c3 Qa7 23. Kb2 Nf8 24. Ra1 Qc7 25. h5 Re8 26. h6 g6 27. Rd1 Rd8 28. e5 d5 29. Ng3 Rc6 30. Ne2 Rc8 31. Ra1 Nd7 32. Ra3 Bb7 33. Qxb5 Nb6 34. Ra7 Rb8 35. Qa5 Qc8 36. Bf1 Nc4+ 37. Rxc4 Rxc4 38. Qa3 Re4 39. Qb3 Bc6 40. Qc2 Bb5 41. Ng3 Rxf4 42. Bxb5 Rxb5 43. Ne2 Rf2 44. Qd3 Rb8 45. Kb3 Qd8 46. Nd4 Qxg5 47. Nc6 Rf8 48. Ne7+ Kh8 0-1


[Site "https://www.chess.com"]

[Event "Titled Tuesday Blitz May 16 Early 2023"]
[White "Sowul, Bartosz"]
[Black "koncheto"]
[WhiteFideId "1137590"]
[WhiteElo "2188"]
[BlackElo "2579"]
[Result "1-0"]
[Round "10"]
[TimeControl "180+2"]
[Date "2023.05.16"]
[WhiteClock "0:00:19"]
[BlackClock "0:00:08"]

1. e4 e5 2. Nf3 Nf6 3. Nc3 Nc6 4. d4 exd4 5. Nd5 Be7 6. Bc4 O-O 7. O-O h6 8. Nxd4 d6 9. Nf5 Bxf5 10. exf5 Re8 11. c3 Nxd5 12. Qxd5 Ne5 13. Bb3 c6 14. Qd4 Bf6 15. Qf4 d5 16. Qg3 Kh8 17. Bf4 Qd7 18. Bc2 Re7 19. Qh3 Kg8 20. Rae1 Rae8 21. Re3 d4 22. Rg3 d3 23. Bd1 Bg5 24. Bxg5 hxg5 25. Rxg5 g6 26. f4 Nc4 27. Qh6 Ne3 28. f6 1-0


[Site "https://www.chess.com"]

[Event "Titled Tuesday Blitz May 16 Early 2023"]
[White "Jaskolka, Tomasz"]
[Black "Rom, Jasper"]
[WhiteFideId "1170791"]
[BlackFideId "2023733"]
[WhiteElo "2155"]
[BlackElo "2233"]
[Result "0-1"]
[Round "10"]
[TimeControl "180+2"]
[Date "2023.05.16"]
[WhiteClock "0:00:04"]
[BlackClock "0:00:05"]

1. d4 d5 2. Nc3 e6 3. Bf4 Bd6 4. e3 Nf6 5. Nf3 Bxf4 6. exf4 O-O 7. Bd3 c5 8. dxc5 Qa5 9. Qd2 Qxc5 10. O-O-O Nc6 11. g4 Nxg4 12. Rhg1 Nxf2 13. Rg2 Nxd1 14. Qxd1 Qe3+ 15. Kb1 Nb4 16. Bxh7+ Kh8 17. Ng5 g6 18. Nxf7+ Rxf7 19. Bxg6 Rg7 20. Qh5+ Kg8 21. Bf7+ Kf8 22. Qh8+ Ke7 23. Qe8+ Kf6 24. Qd8+ Kxf7 25. Rxg7+ Kxg7 26. Qe7+ Kg8 27. Qe8+ Kg7 28. Qe7+ Kg8 29. Qe8+ Kh7 30. Qf7+ Kh8 31. Qf8+ Kh7 32. Qf7+ Kh6 33. Qf6+ Kh7 34. a3 Qe1+ 35. Nd1 Qxd1# 0-1


[Site "https://www.chess.com"]

[Event "Titled Tuesday Blitz May 16 Early 2023"]
[White "Potkin, Vladimir"]
[Black "Koutsin, Sergey"]
[WhiteFideId "4131061"]
[BlackFideId "14101483"]
[WhiteElo "2474"]
[BlackElo "2381"]
[Result "1/2-1/2"]
[Round "10"]
[TimeControl "180+2"]
[Date "2023.05.16"]
[WhiteClock "0:00:12"]
[BlackClock "0:00:08"]

1. Nf3 Nf6 2. c4 e6 3. Nc3 d5 4. e3 c5 5. d4 a6 6. cxd5 exd5 7. g3 Nc6 8. Bg2 Bg4 9. O-O cxd4 10. exd4 Be7 11. h3 Bf5 12. Ne5 O-O 13. Re1 Rc8 14. g4 Be6 15. Be3 Nd7 16. Nxd5 Bxd5 17. Bxd5 Ndxe5 18. dxe5 Nxe5 19. Bxb7 Rb8 20. Bxa6 Qxd1 21. Rexd1 Rxb2 22. a4 h6 23. a5 Bg5 24. Bc5 Ra8 25. Bf1 Nf3+ 26. Kg2 Nd2 27. a6 Rc2 28. Bb6 Rc6 29. Bd4 Nxf1 30. h4 Bf4 31. Kxf1 Rcxa6 32. Rxa6 Rxa6 33. Ke2 1/2-1/2


[Site "https://www.chess.com"]

[Event "Titled Tuesday Blitz May 16 Early 2023"]
[White "Panda Sambit"]
[Black "Dixit, Nikhil"]
[WhiteFideId "25091794"]
[BlackFideId "5059534"]
[WhiteElo "2272"]
[BlackElo "2207"]
[Result "0-1"]
[Round "10"]
[TimeControl "180+2"]
[Date "2023.05.16"]
[WhiteClock "0:00:16"]
[BlackClock "0:00:41"]

1. Nf3 c5 2. c4 Nc6 3. Nc3 Nf6 4. e3 g6 5. d4 cxd4 6. Nxd4 d5 7. cxd5 Nxd5 8. Bb5 Nxc3 9. bxc3 Bd7 10. O-O Nxd4 11. Bxd7+ Qxd7 12. Qxd4 Qxd4 13. cxd4 Kd7 14. Rb1 b6 15. Bd2 e6 16. Rfc1 Bd6 17. Kf1 Rhc8 18. Ke2 Rxc1 19. Rxc1 Rc8 20. Rxc8 Kxc8 21. f4 f5 22. Kd3 Kd7 23. h3 Kc6 24. e4 fxe4+ 25. Kxe4 h5 26. g4 hxg4 27. hxg4 b5 28. Be1 b4 29. Bh4 a5 30. Bd8 a4 31. Ba5 Kb5 32. Bd8 Kc4 33. d5 exd5+ 34. Ke3 d4+ 35. Ke4 b3 36. axb3+ axb3 37. Bf6 b2 38. Bxd4 b1=Q+ 39. Kf3 0-1


[Site "https://www.chess.com"]

[Event "Titled Tuesday Blitz May 16 Early 2023"]
[White "Bruedigam, Martin"]
[Black "Garrido, Denis"]
[WhiteFideId "24608033"]
[BlackFideId "601217"]
[WhiteElo "2331"]
[BlackElo "2317"]
[Result "0-1"]
[Round "10"]
[TimeControl "180+2"]
[Date "2023.05.16"]
[WhiteClock "0:01:08"]
[BlackClock "0:00:48"]

1. d4 Nf6 2. c4 e6 3. Nc3 Bb4 4. Bd2 O-O 5. Nf3 c5 6. dxc5 Bxc5 7. g3 b6 8. Bg2 Bb7 9. O-O Nc6 10. Rc1 Rc8 11. Qc2 d5 12. cxd5 Nb4 13. Qb1 Nbxd5 14. Rfd1 Qe7 15. Ng5 Nxc3 16. Bxc3 Bxf2+ 17. Kf1 Bxg2+ 18. Kxg2 g6 19. Bxf6 Qxf6 20. Ne4 Qe5 21. Kxf2 f5 22. Rxc8 Rxc8 23. Nc3 f4 24. Qe4 fxg3+ 25. hxg3 Rf8+ 26. Kg2 Qf6 27. Qe3 h5 28. Nb5 Qf5 29. Nd4 Qd5+ 30. Kg1 e5 31. Qb3 Rd8 32. e3 Qxb3 33. axb3 exd4 34. exd4 Rd5 35. Kf2 Kf7 36. Ke3 Ke6 37. Ke4 Rg5 38. d5+ Kd6 39. Rd3 Rg4+ 40. Kf3 a5 41. Rd2 Rb4 42. Rd3 g5 43. Ke3 h4 44. gxh4 gxh4 45. Kf3 b5 46. Ke2 Rg4 47. Kd2 Rg2+ 48. Kc3 Rg3 0-1


[Site "https://www.chess.com"]

[Event "Titled Tuesday Blitz May 16 Early 2023"]
[White "Molina, Roberto Junio Brito"]
[Black "Goldin, Roman"]
[WhiteFideId "2109450"]
[BlackFideId "2803860"]
[WhiteElo "2376"]
[BlackElo "2312"]
[Result "1-0"]
[Round "10"]
[TimeControl "180+2"]
[Date "2023.05.16"]
[WhiteClock "0:01:31"]
[BlackClock "0:00:19"]

1. g4 g6 2. Bg2 Bg7 3. h3 e5 4. c4 Ne7 5. Nc3 c6 6. e3 O-O 7. Nge2 d5 8. cxd5 cxd5 9. d4 e4 10. b3 f5 11. gxf5 Nxf5 12. Ba3 Rf7 13. Nf4 Qa5 14. Bb2 Nxd4 15. Nxd5 Nf3+ 16. Bxf3 exf3 17. Qd2 Nc6 18. O-O-O Bf5 19. e4 Be6 20. Kb1 Rc8 21. Na4 Ne5 22. Qxa5 1-0


[Site "https://www.chess.com"]

[Event "Titled Tuesday Blitz May 16 Early 2023"]
[White "Janaszak, Dawid"]
[Black "Aradhya, Garg"]
[WhiteFideId "1119206"]
[BlackFideId "25006746"]
[WhiteElo "2220"]
[BlackElo "2263"]
[Result "0-1"]
[Round "10"]
[TimeControl "180+2"]
[Date "2023.05.16"]
[WhiteClock "0:00:09"]
[BlackClock "0:00:51"]

1. e4 e5 2. Nf3 Nc6 3. Bb5 a6 4. Ba4 Nf6 5. d3 b5 6. Bb3 Bc5 7. c3 d6 8. h3 h6 9. Nbd2 O-O 10. O-O Bb6 11. Bc2 d5 12. Qe2 Re8 13. a4 Nh5 14. Kh2 Nf4 15. Qe1 Be6 16. axb5 axb5 17. Rxa8 Qxa8 18. Nb3 dxe4 19. dxe4 Qa2 20. Bxf4 exf4 21. Nbd4 Qxb2 22. Qd2 Nxd4 23. cxd4 b4 24. d5 Bd7 25. Rb1 Qc3 26. Rxb4 Qxd2 27. Nxd2 Bxf2 28. Rb7 Ra8 29. e5 Bb6 30. d6 Bc6 31. Rxb6 cxb6 32. Bb3 Kf8 33. Nc4 Re8 34. Nxb6 Rxe5 35. d7 Ke7 36. Bxf7 Bxd7 37. Nxd7 Kxd7 38. g4 Re2+ 39. Kg1 Re3 40. Kg2 Rg3+ 41. Kh2 Kd6 42. Bg6 Ke5 43. Bf5 Kd4 44. h4 Ke3 45. h5 Kf2 46. Be6 f3 47. Bf5 Rg2+ 48. Kh3 Kg1 49. Be4 Rh2+ 50. Kg3 f2 51. Bd3 Rg2+ 52. Kh3 f1=Q 0-1


[Site "https://www.chess.com"]

[Event "Titled Tuesday Blitz May 16 Early 2023"]
[White "Thecourseoisildur"]
[Black "Bryakin, Mikhail"]
[BlackFideId "4165314"]
[WhiteElo "2556"]
[BlackElo "2467"]
[Result "1-0"]
[Round "10"]
[TimeControl "180+2"]
[Date "2023.05.16"]
[WhiteClock "0:00:20"]
[BlackClock "0:00:03"]

1. e4 c5 2. Nf3 e6 3. d4 cxd4 4. Nxd4 a6 5. Be2 Nf6 6. Nc3 d6 7. Be3 Be7 8. O-O O-O 9. f4 Qc7 10. Kh1 Nbd7 11. a4 b6 12. Bf3 Bb7 13. g4 Nc5 14. e5 dxe5 15. fxe5 Qxe5 16. Bf4 Qxf4 17. Bxb7 Qh6 18. Bxa8 Rxa8 19. Qf3 Rf8 20. b4 Ncd7 21. Qg3 Nd5 22. Nxd5 exd5 23. Nf5 Qf6 24. c3 d4 25. Rae1 Qc6+ 26. Qg2 Qxg2+ 27. Kxg2 Bf6 28. Nxd4 Bxd4 29. cxd4 Nf6 30. Rxf6 gxf6 31. d5 Rd8 32. Rd1 Rd6 33. Kf3 Kg7 34. Kf4 Kg6 35. h4 h5 36. gxh5+ Kxh5 37. Rd2 b5 38. a5 Kg6 39. Rd4 f5 40. Ke5 Rd8 41. d6 Re8+ 42. Kd5 Kf6 43. d7 Rd8 44. Kd6 Rg8 45. Kc7 f4 46. Rxf4+ Ke5 47. Rxf7 Ke6 48. d8=Q Rxd8 49. Kxd8 Kxf7 50. Kc7 1-0


[Site "https://www.chess.com"]

[Event "Titled Tuesday Blitz May 16 Early 2023"]
[White "Gritsenko, Nikolai"]
[Black "Kleiman, Jake"]
[WhiteFideId "14112493"]
[BlackFideId "2020041"]
[WhiteElo "2389"]
[BlackElo "2546"]
[Result "0-1"]
[Round "10"]
[TimeControl "180+2"]
[Date "2023.05.16"]
[WhiteClock "0:00:00"]
[BlackClock "0:00:15"]

1. e4 e5 2. Nf3 Nc6 3. Bb5 a6 4. Bxc6 dxc6 5. d4 exd4 6. Qxd4 Qxd4 7. Nxd4 Bd7 8. Be3 O-O-O 9. Nc3 Re8 10. f3 f5 11. Kf2 fxe4 12. Nxe4 Nf6 13. Nxf6 gxf6 14. Rhe1 Bd6 15. g3 h5 16. Bf4 Bc5 17. c3 a5 18. Re3 Reg8 19. h4 Rg7 20. Rae1 Rhg8 21. a3 a4 22. Re4 b6 23. Kg2 Kb7 24. Kh2 Rg6 25. Ne2 Bf5 26. Rxa4 b5 27. Rd4 Bxd4 28. Nxd4 Bd7 29. Nb3 Re8 30. Nc5+ Kc8 31. Rd1 Re2+ 32. Kg1 Bh3 33. a4 Rg8 34. a5 Rxb2 35. a6 Ra2 36. Rd2 Rxd2 37. Bxd2 Kb8 38. Bf4 Bc8 39. Kf2 Rg7 40. Ke3 Ka7 41. Kd4 Bxa6 42. Ne6 Rd7+ 43. Kc5 Kb7 44. g4 hxg4 45. fxg4 Rd3 46. Kb4 Rf3 47. h5 Rh3 48. h6 Kc8 49. Nf8 c5+ 50. Kxc5 Bb7 51. Kd4 Bc6 52. g5 fxg5 53. Bxg5 Bd7 54. h7 Bf5 55. Kc5 Bxh7 56. Kxb5 Rh5 57. Nxh7 Rxh7 58. Be3 Kb7 59. Bd4 Rh5+ 60. Kc4 Kc6 61. Kb4 Kd6 62. Kc4 c5 63. Be3 Kc6 64. Kd3 Rh4 65. c4 Rg4 66. Kc3 Rg3 67. Kd3 Kd6 68. Ke4 Rg4+ 69. Kd3 Kc6 70. Kc3 Kb6 71. Kd3 Rh4 72. Kc3 Rh3 73. Kd3 Ka5 74. Ke4 Kb4 0-1


[Site "https://www.chess.com"]

[Event "Titled Tuesday Blitz May 16 Early 2023"]
[White "Starozhilov, Leonid"]
[Black "Baghdasaryan, Vahe"]
[WhiteFideId "14106752"]
[BlackFideId "13303139"]
[WhiteElo "2352"]
[BlackElo "2216"]
[Result "0-1"]
[Round "10"]
[TimeControl "180+2"]
[Date "2023.05.16"]
[WhiteClock "0:00:00"]
[BlackClock "0:00:15"]

1. b3 e5 2. Bb2 Nc6 3. e3 d5 4. Bb5 f6 5. Nf3 Bd6 6. c4 Ne7 7. cxd5 Nxd5 8. Nc3 Nxc3 9. dxc3 O-O 10. e4 Be6 11. Qe2 Qe7 12. Bc4 Kh8 13. Bxe6 Qxe6 14. O-O a5 15. Qb5 Ra6 16. Rad1 a4 17. Qd5 Qe7 18. b4 a3 19. Bc1 Rd8 20. Qb3 b5 21. Be3 Rf8 22. Rd5 f5 23. exf5 Rxf5 24. Nd2 Rh5 25. h3 Nd8 26. Ne4 Qf7 27. Rfd1 Rf5 28. Qc2 Nb7 29. Bc5 Bxc5 30. bxc5 h6 31. Rd8+ Nxd8 32. Rxd8+ Kh7 33. g4 Rg6 34. Kf1 Rf4 35. Ke2 Qc4+ 0-1


[Site "https://www.chess.com"]

[Event "Titled Tuesday Blitz May 16 Early 2023"]
[White "Itgelt, Khuyagtsogt"]
[Black "Shvedova, Alexandra"]
[WhiteFideId "4902912"]
[BlackFideId "54154782"]
[WhiteElo "2227"]
[BlackElo "1973"]
[Result "1-0"]
[Round "10"]
[TimeControl "180+2"]
[Date "2023.05.16"]
[WhiteClock "0:02:16"]
[BlackClock "0:01:55"]

1. d4 Nf6 2. Nf3 d5 3. g3 e6 4. Bg2 b5 5. O-O Bb7 6. Re1 Nbd7 7. a3 Bd6 8. Nc3 a6 9. Nd2 O-O 10. e4 dxe4 11. Ndxe4 Be7 12. Nxf6+ Bxf6 13. Bxb7 Rb8 14. Bg2 Nb6 15. Be3 Nc4 16. b3 Nxe3 17. fxe3 c5 18. Ne4 cxd4 19. Nxf6+ Qxf6 20. Qxd4 1-0


[Site "https://www.chess.com"]

[Event "Titled Tuesday Blitz May 16 Early 2023"]
[White "Sakun, Volodymyr"]
[Black "Shuvalov, Evgenij"]
[WhiteFideId "14114062"]
[BlackFideId "4187237"]
[WhiteElo "2318"]
[BlackElo "2080"]
[Result "1-0"]
[Round "10"]
[TimeControl "180+2"]
[Date "2023.05.16"]
[WhiteClock "0:00:11"]
[BlackClock "0:00:13"]

1. d4 Nf6 2. Nf3 g6 3. Bf4 Bg7 4. Nc3 d5 5. e3 O-O 6. Bd3 a6 7. e4 dxe4 8. Nxe4 Nbd7 9. O-O Nxe4 10. Bxe4 c5 11. Be3 cxd4 12. Bxd4 Bxd4 13. Qxd4 Nf6 14. Qxd8 Rxd8 15. Bd3 Bf5 16. Bxf5 gxf5 17. Rfd1 e6 18. Kf1 Ne4 19. Ke2 Kf8 20. Ne5 Ke7 21. f3 Nf6 22. c4 Nd7 23. Nd3 Rac8 24. b3 b5 25. Nb2 Nb6 26. Rxd8 Kxd8 27. Rd1+ Ke7 28. cxb5 axb5 29. a4 Nd5 30. Kd2 bxa4 31. bxa4 Rb8 32. Nd3 Ra8 33. Ra1 Kd6 34. f4 f6 35. a5 e5 36. g3 Ra6 37. Nb2 Kc5 38. Nd3+ Kd6 39. Nb2 exf4 40. gxf4 Nxf4 41. Kc3 Kc5 42. Nd3+ Nxd3 43. Kxd3 Kd5 44. Ke3 Ke5 45. Kf3 f4 46. Ra4 f5 47. h4 h5 48. Ra1 Rc6 49. a6 Rc3+ 50. Kf2 Rc8 51. a7 Ra8 52. Kf3 Ke6 53. Kxf4 Kf6 54. Ra6+ Ke7 55. Kxf5 Kf7 56. Kg5 Kg7 57. Kxh5 Kh7 58. Kg5 Kg7 59. h5 Kh7 60. h6 Kh8 61. Kf5 Kh7 62. Ke5 Kh8 63. Kd6 Kh7 64. Kc7 1-0


[Site "https://www.chess.com"]

[Event "Titled Tuesday Blitz May 16 Early 2023"]
[White "Souleidis, Georgios"]
[Black "Estrada Nieto, Julian"]
[WhiteFideId "4206827"]
[BlackFideId "5101018"]
[WhiteElo "2401"]
[BlackElo "2161"]
[Result "1-0"]
[Round "10"]
[TimeControl "180+2"]
[Date "2023.05.16"]
[WhiteClock "0:00:47"]
[BlackClock "0:00:09"]

1. e4 e5 2. Nc3 Nf6 3. d4 exd4 4. Qxd4 Nc6 5. Qd3 Bb4 6. Bd2 O-O 7. O-O-O Re8 8. Nge2 d6 9. Bg5 h6 10. Bxf6 Qxf6 11. Nd5 Qd8 12. Nxb4 Nxb4 13. Qd2 a5 14. Nc3 Be6 15. a3 Nc6 16. f4 Bg4 17. Re1 Bd7 18. Rg1 Rc8 19. g4 Qf6 20. g5 hxg5 21. Rxg5 Qd4 22. Bd3 f6 23. Rg3 f5 24. Reg1 Re7 25. exf5 Rf8 26. Qg2 Qxf4+ 27. Kb1 Qe5 28. Nd5 Ref7 29. f6 Be6 30. Rxg7+ Rxg7 31. Qxg7# 1-0


[Site "https://www.chess.com"]

[Event "Titled Tuesday Blitz May 16 Early 2023"]
[White "Chernomordik, Pavel"]
[Black "Girya, Olga"]
[WhiteFideId "2804530"]
[BlackFideId "4195752"]
[WhiteElo "2193"]
[BlackElo "2263"]
[Result "0-1"]
[Round "10"]
[TimeControl "180+2"]
[Date "2023.05.16"]
[WhiteClock "0:00:00"]
[BlackClock "0:00:05"]

1. e4 e5 2. Nf3 Nc6 3. Bb5 a6 4. Ba4 Nf6 5. Qe2 Bc5 6. c3 O-O 7. O-O d6 8. h3 Re8 9. d3 h6 10. Rd1 b5 11. Bc2 Bb6 12. a4 Bb7 13. Nbd2 d5 14. Nf1 b4 15. Ng3 bxc3 16. bxc3 Ba5 17. Rb1 Rb8 18. Bd2 Qd7 19. Nf5 Ne7 20. N3h4 Nxf5 21. Nxf5 Bc6 22. Rxb8 Rxb8 23. Qf3 dxe4 24. dxe4 Qe6 25. Qg3 g6 26. Nxh6+ Kf8 27. Bg5 Bxe4 28. Bxf6 Bxc2 29. Rd2 Qxf6 30. Rxc2 Kg7 31. Ng4 Qf5 32. Re2 Rb1+ 33. Kh2 Qf4 0-1


[Site "https://www.chess.com"]